 Dungeon Crawl Stone Soup version 0.23-a0-644-gb60d84b (webtiles) character file.

343 Amnesiac the Ducker (level 6, -6/32 HPs)
             Began as a Spriggan Berserker on Jan 1, 2019.
             Was a Believer of Trog.
             Mangled by an ice devil (9 damage)
             ... summoned by a kobold demonologist
             ... on level 4 of the Dungeon.
             The game lasted 00:05:38 (3796 turns).

Amnesiac the Ducker (Spriggan Berserker)            Turns: 3796, Time: 00:05:38

Health: -6/32      AC:  7    Str: 15    XL:     6   Next: 31%
Magic:  7/7        EV: 23    Int:  6    God:    Trog [**....]
Gold:   132        SH:  0    Dex: 16    Spells: 5/5 levels left

rFire    . . .     SeeInvis +   a - +2 short sword (protect)
rCold    . . .     Gourm    .   (shield restricted)
rNeg     . . .     Faith    .   t - +0 acid dragon scales
rPois    .         Spirit   .   (helmet restricted)
rElec    .         Reflect  .   l - +0 cloak
rCorr    +         Harm     .   (gloves unavailable)
MR       +....                  (boots unavailable)
Stlth    +.........             j - amulet of rage
HPRegen  0.10/turn              (no ring)
MPRegen  0.10/turn              (no ring)

@: slow
A: very small, unfitting armour, horns 1, repulsion field 1, see invisible,
dopey 1, herbivore, speed 3, slow metabolism 2
a: Berserk, Trog's Hand, Renounce Religion, Evoke Berserk Rage


You were on level 4 of the Dungeon.
You worshipped Trog.
Trog was pleased with you.
You were full.

You visited 1 branch of the dungeon, and saw 4 of its levels.

You collected 132 gold pieces.

Inventory:

Hand Weapons
 a - a +2 short sword of protection (weapon)
 b - a +0 falchion
Armour
 l - a +0 cloak (worn)
 t - +0 acid dragon scales (worn)
Jewellery
 j - an amulet of rage (around neck)
Wands
 e - a wand of paralysis (7)
 m - a wand of flame (4)
Scrolls
 d - a scroll of magic mapping {!r, unknown}
 n - a scroll of immolation {!r, unknown}
 o - a scroll of random uselessness {!r, unknown}
 p - a scroll of teleportation {!r}
 r - a scroll of fog {!r}
Potions
 f - 2 potions of might {!q}
 g - 4 potions of curing {!q}
 h - a potion of brilliance {!q}
 i - a potion of ambrosia {!q}
Comestibles
 c - 4 rations


   Skills:
 - Level 3.0 Fighting
 - Level 4.8 Long Blades
 - Level 6.7 Dodging
 + Level 0.0 Evocations


You had 5 spell levels left.
You didn't know any spells.
Your spell library was empty.

Dungeon Overview and Level Annotations

Branches:
Dungeon (4/15)             Temple (0/1) D:4

Altars:
Hepliaklqana
Uskayaw

Annotations:
D:2 1 exclusion
D:3 Grinder
D:4 1 transporter


Innate Abilities, Weirdness & Mutations

You are very small and have problems with some larger weapons.
You are too small for most types of armour.
You have supernaturally acute eyesight. (SInv)
You are a herbivore.
You cover ground extremely quickly.
You need to consume almost no food.
You have a pair of small horns on your head.
You are surrounded by a mild repulsion field. (EV +2)
You are dopey. (Int -2)


Message History

The shadow imp gestures at you. Pain shoots through your body!
The kobold demonologist gestures wildly while chanting.
You swing at nothing.
You puncture the shadow imp!
Your weapon exudes an aura of protection.
You headbutt the shadow imp.
You kill the shadow imp!
The ufetubus disappears in a puff of smoke!
The crimson imp lashes its tail.
You swing at nothing.
You hit the quasit.
The quasit is heavily wounded.
The quasit bites you but does no damage.
The quasit claws you but does no damage.
The quasit completely misses you.
You puncture the quasit!
You kill the quasit!
The crimson imp blinks!
You swing at nothing.
You swing at nothing.
You swing at nothing.
You swing at nothing.
You closely miss the crimson imp. The crimson imp misses you.
You closely miss the crimson imp. The crimson imp barely misses you.
You barely miss the crimson imp. The crimson imp closely misses you.
You hit the crimson imp but do no damage.
Your weapon exudes an aura of protection.
The crimson imp barely misses you.
You closely miss the crimson imp. You headbutt the crimson imp.
The crimson imp is moderately wounded.
The crimson imp completely misses you.
You hit the crimson imp.
The crimson imp is severely wounded.
The crimson imp misses you.
You puncture the crimson imp!
You kill the crimson imp!
You swing at nothing.
You start resting.
The shadow imp shouts, "Escape, thou bawdy sheep-biting maggot-pie!"
HP restored.
You start resting.
You feel a little less mighty now.
You start resting.
The shadow imp picks up a beetle and eats it.
The orc priest suddenly complains.
You feel a little less clever now.
There is an open door here.
Evoke which item? (* to show all) (? for menu, Esc to quit)
Okay, then.
The kobold demonologist mumbles some strange words.
The orc priest looks braver for a moment.
The kobold demonologist gestures wildly while chanting.
You enter the shallow water.
The shadow imp gestures at you. Pain shoots through your body!
The shadow imp gestures at you. Pain shoots through your body!
* * * LOW HITPOINT WARNING * * *
The kobold demonologist casts a spell.
The ice devil hits you.
* * * LOW HITPOINT WARNING * * *
The ice devil freezes you!
You die...

######.....##.##..####....
#........©.....#..####<##.
###.#..#########.........#..
######...#..#8P.©.P8#.#....##....
#......####.#P.....P#......##.#..
..#.##...#..####'####..#......#..
....##...#..#.≈..5≈o#......##....
#)####.#....#o≈..45K#......##.#..
#)####.##.#.#.≈≈@≈≈5#...#####.#..
#...........#.≈≈♣≈≈.#...#####....
............#.≈≈≈≈≈.#...##....#..
............#.≈...≈.#...##.##.##.
............#.≈...≈.#.........#..
............####+####.........#.#
.....#......#≈..[..P#............
.....#......#8P$©$P8#...##...##..
#######...#.#########...##......#


You could see an ice devil, a kobold demonologist, 2 orc priests, a white imp
and 2 shadow imps.

Vanquished Creatures
  A scorpion (D:4)
  2 orc priests
  3 orc wizards (D:4)
  2 iguanas (D:4)
  3 adders
  A shadow imp (D:4)
  An ooze (D:4)
  A worm (D:3)
  A leopard gecko (D:1)
  9 orcs
  A giant cockroach (D:1)
  4 goblins
  8 hobgoblins
  9 kobolds
  2 quokkas
  4 bats
  3 frilled lizards
  2 rats
57 creatures vanquished.

Notes
Turn   | Place    | Note
-------+----------+-------------------------------------------
     0 | D:1      | Amnesiac the Spriggan Berserker began the quest for the
                  | Orb.
     0 | D:1      | Reached XP level 1. HP: 11/11 MP: 2/2
     2 | D:1      | Noticed a minotaur zombie
     2 | D:1      | Noticed a merfolk zombie
    11 | D:1      | Noticed a minotaur zombie
    13 | D:1      | Noticed a minotaur zombie
    21 | D:1      | Noticed a minotaur zombie
   104 | D:1      | Reached XP level 2. HP: 13/16 MP: 3/3
   478 | D:2      | Found a hazy altar of Hepliaklqana.
   497 | D:2      | Reached XP level 3. HP: 18/19 MP: 4/4
   732 | D:2      | Noticed a +0 hand axe
   733 | D:2      | Noticed a +0 dagger
   735 | D:2      | Found a hide-covered altar of Uskayaw.
   765 | D:2      | You fall through a shaft for 2 floors!
   765 | D:4      | Found a transporter.
   766 | D:4      | Noticed a kobold demonologist
   770 | D:4      | Found a staircase to the Ecumenical Temple.
   771 | D:4      | Noticed Grinder
   826 | D:2      | Reached skill level 5 in Dodging
   959 | D:2      | Reached ** piety under Trog
  1052 | D:2      | Found a faded altar of an unknown god.
  1443 | D:3      | Reached XP level 4. HP: 24/24 MP: 5/5
  2583 | D:4      | Reached XP level 5. HP: 18/28 MP: 6/6
  2721 | D:4      | Found a transporter.
  2744 | D:4      | Reached skill level 6 in Dodging
  2813 | D:4      | Reached XP level 6. HP: 32/32 MP: 7/7
  3210 | D:4      | Noticed a chaos spawn
  3726 | D:4      | Gained mutation: You have a pair of small horns on your
                  | head. [potion of mutation]
  3726 | D:4      | Gained mutation: You are dopey. (Int -2) [potion of
                  | mutation]
  3726 | D:4      | Gained mutation: You are surrounded by a mild repulsion
                  | field. (EV +2) [potion of mutation]
  3796 | D:4      | Noticed an ice devil
  3796 | D:4      | Mangled by an ice devil

Vault maps used:
D:1:      shiori_arrival_whats_in_store_for_you
D:2:      old_standard_altar, dancing_weapons_uskayaw,
          chequers_ecumenical_altar_grove
D:4:      gammafunk_wand_slinger, minmay_temple_entry_large_hall, first_ration,
          uniq_grinder

Skill      XL: |  1  2  3  4  5 |
---------------+----------------+-----
Long Blades    | 3 4 |  4.8
Dodging        | 5 6 |  6.7
Fighting       | 3 |  3.0

Action                   |  1- 3 |  4- 6 || total
-------------------------+-------+-------++-------
Melee: Falchion          |    27 |       ||    27
       Short sword       |    78 |   149 ||   227
       Headbutt          |       |     2 ||     2
Invok: Berserk           |     1 |     1 ||     2
Evoke: Wand              |       |    14 ||    14
  Use: Scroll            |       |     4 ||     4
       Potion            |       |     5 ||     5
 Stab: Sleeping          |     2 |     1 ||     3
  Eat: Ration            |       |     4 ||     4
Armor: Animal skin       |    10 |       ||    10
       Acid dragon scale |       |    41 ||    41
Dodge: Dodged            |    99 |   158 ||   257
       Rpst.: Falchion   |     8 |       ||     8

Table legend:
 A = Non-vault XP
 B = Vault XP
 C = Vault XP percentage of total XP
 D = Non-vault monster count
 E = Vault monster count
 F = Vault count percentage of total count
                 A         B        C        D         E       F
            +---------+---------+-------+---------+---------+-------
      Total |     478 |      12 |   2.4 |      56 |       1 |   1.8
            +---------+---------+-------+---------+---------+-------
        D:1 |      23 |       0 |   0.0 |      13 |       0 |   0.0
        D:2 |      45 |       0 |   0.0 |      15 |       0 |   0.0
        D:3 |      83 |       0 |   0.0 |      13 |       0 |   0.0
        D:4 |     327 |      12 |   3.5 |      15 |       1 |   6.2
            +---------+---------+-------+---------+---------+-------
